 Dungeon Crawl Stone Soup version 0.22.1-1-ga44c0e5 (webtiles) character file.

520 Fang the Chopper (level 7, 0/44 HPs)
             Began as a Gargoyle Berserker on Oct 15, 2018.
             Was a Priest of Trog.
             Slain by Edmund
             ... wielding a +1 flail of protection
              (2 damage)
             ... on level 4 of the Dungeon.
             The game lasted 00:04:22 (2596 turns).

Fang the Chopper (Gargoyle Berserker)               Turns: 2596, Time: 00:04:22

Health: 0/44       AC:  7    Str: 23    XL:     7   Next: 21%
Magic:  7/7        EV: 13    Int:  7    God:    Trog [***...]
Gold:   175        SH:  0    Dex:  9    Spells: 6/6 levels left

rFire    . . .     SeeInvis .   a - +0 hand axe
rCold    . . .     Gourm    .   (no shield)
rNeg     + . .     Faith    .   b - +0 animal skin
rPois    ∞         Spirit   .   (no helmet)
rElec    +         Reflect  .   (no cloak)
rCorr    .         Harm     .   (no gloves)
MR       .....                  (no boots)
Stlth    ++........             (no amulet)
HPRegen  0.14/turn              (no ring)
MPRegen  0.10/turn              (no ring)

@: berserk cooldown, slowed, very slow
A: negative energy resistance 1, electricity resistance, unbreathing,
petrification resistance, rot immunity, AC +4
a: Berserk, Trog's Hand, Renounce Religion


You were on level 4 of the Dungeon.
You worshipped Trog.
Trog was most pleased with you.
You were not hungry.

You visited 1 branch of the dungeon, and saw 4 of its levels.

You collected 175 gold pieces.

Inventory:

Hand Weapons
 a - a +0 hand axe (weapon)
Armour
 b - a +0 animal skin (worn)
Scrolls
 d - 4 scrolls of identify {unknown}
 e - a scroll of fear {unknown}
 f - 2 scrolls of immolation {unknown}
 i - a scroll of remove curse {unknown}
 j - a scroll of amnesia {unknown}
 k - a scroll of enchant armour {unknown}
 o - a scroll of noise {unknown}
 p - a scroll of teleportation {unknown}
Potions
 g - 4 potions of curing {unknown}
 h - a potion of agility {unknown}
 l - 2 potions of degeneration {unknown}
 m - a potion of heal wounds {unknown}
 n - a potion of brilliance {unknown}
 r - a potion of lignification {unknown}
 s - a potion of might
Comestibles
 c - 3 rations


   Skills:
 + Level 5.0 Fighting
 + Level 5.3 Axes
 + Level 2.8 Armour
 + Level 3.1 Dodging
 + Level 1.5 Stealth


You had 6 spell levels left.
You didn't know any spells.
Your spell library was empty.

Dungeon Overview and Level Annotations

Branches:
Dungeon (4/15)
 Temple: D:4-7

Altars:

Annotations:
D:4 Edmund


Innate Abilities, Weirdness & Mutations

You are resistant to torment.
Your stone body is resilient. (AC +4)
You are immune to poison.
You resist negative energy. (rN+)
You are resistant to electric shocks. (rElec)
You can survive without breathing.
You are immune to petrification.
You are immune to rotting.


Message History

Edmund is heavily wounded.
You are no longer berserk.
You are exhausted.
You feel yourself slow down.
You hit Edmund but do no damage.
Edmund is heavily wounded.
Edmund barely misses you.
You hit Edmund but do no damage.
Edmund is heavily wounded.
Edmund hits you with a flail of protection.
* * * LOW HITPOINT WARNING * * *
Edmund closely misses you.
You hit Edmund but do no damage.
Edmund is heavily wounded.
Edmund hits you with a flail of protection!
* * * LOW HITPOINT WARNING * * *
You closely miss Edmund.
Edmund is heavily wounded.
Edmund hits you with a flail of protection.
You die...

######### #########
#....... #........
#...... #........
#####..... #........
......... #........
........########........
......@@>......#........
.......†######.#........
........##..............
........##.......###.###
........##.......# #.#
##+####.##.......# ...
..######+####.... ..#
#..... #.....


You could see Edmund.

Vanquished Creatures
  Sigmund (D:3)
  Menkaure (D:4)
  A scorpion (D:4)
  A jelly (D:3)
  A worker ant (D:4)
  3 adders (D:2)
  9 oozes
  2 worms
  A dart slug (D:1)
  A leopard gecko (D:4)
  4 orcs (D:3)
  3 giant cockroaches
  3 goblins
  8 hobgoblins
  7 jackals
  A ball python (D:3)
  5 bats
  4 frilled lizards
  11 kobolds
  7 rats
  2 fungi (D:3)
76 creatures vanquished.

Vanquished Creatures (others)
  5 toadstools (D:3)
5 creatures vanquished.

Grand Total: 81 creatures vanquished

Notes
Turn   | Place    | Note
-------+----------+-------------------------------------------
     0 | D:1      | Fang the Gargoyle Berserker began the quest for the Orb.
     0 | D:1      | Reached XP level 1. HP: 14/14 MP: 1/1
    74 | D:1      | Reached XP level 2. HP: 17/19 MP: 2/2
   399 | D:1      | Reached XP level 3. HP: 23/24 MP: 3/3
  1047 | D:2      | Reached ** piety under Trog
  1053 | D:2      | Found a faded altar of an unknown god.
  1115 | D:2      | Reached XP level 4. HP: 27/29 MP: 4/4
  1770 | D:3      | Noticed Sigmund
  1790 | D:3      | Killed Sigmund
  1790 | D:3      | Reached XP level 5. HP: 10/34 MP: 5/5
  1790 | D:3      | Reached XP level 6. HP: 12/39 MP: 6/6
  2248 | D:3      | Reached skill level 1 in Stealth
  2305 | D:3      | Reached *** piety under Trog
  2572 | D:4      | Noticed Menkaure
  2574 | D:4      | Noticed Edmund
  2578 | D:4      | Killed Menkaure
  2578 | D:4      | Reached skill level 5 in Axes
  2578 | D:4      | Reached XP level 7. HP: 29/44 MP: 7/7
  2589 | D:4      | Reached skill level 5 in Fighting
  2595 | D:4      | HP: 2/44 [Edmund/flail of protection (7)]
  2596 | D:4      | Slain by Edmund

Skill      XL: |  1  2  3  4  5  6  7 |
---------------+----------------------+-----
Axes           | 3 4 5 |  5.3
Fighting       | 4 5 |  5.0
Dodging        | 2 3 |  3.1
Stealth        | 1 |  1.5
Armour         | |  2.8

Action                   |  1- 3 |  4- 6 |  7- 9 || total
-------------------------+-------+-------+-------++-------
Melee: Hand axe          |   110 |   106 |    16 ||   232
Invok: Berserk           |     2 |     3 |     1 ||     6
  Eat: Chunk             |     2 |     6 |       ||     8
       Ration            |       |       |     1 ||     1
Armor: Animal skin       |    25 |    43 |     9 ||    77
Dodge: Dodged            |    78 |    65 |    12 ||   155
